 Dungeon Sprint DCSS version 0.20-a0-556-g892c87b (webtiles) character file.

6431 Kidiri the Eclecticist (level 10, -1/63 HPs)
             Began as a Deep Elf Fire Elementalist on Feb 4, 2017.
             Was a High Priest of Vehumet.
             Slain by a demonic crawler (12 damage)
             ... in the Dungeon (Sprint I: "Red Sonja").
             The game lasted 00:11:20 (2647 turns).

Kidiri the Eclecticist (Deep Elf Fire Elementalist) Turns: 2647, Time: 00:11:20

Health: -1/63      AC:  8    Str:  5    XL:     10   Next: 67%
Magic:  22/33      EV: 18    Int: 27    God:    Vehumet [*****.]
Gold:   405        SH:  4    Dex: 15    Spells: 18/43 levels left

rFire    . . .     SeeInvis .   x - +1 short sword of the Eleven Hells {pierce, rN+} (curse)
rCold    . . .     Gourm    .   u - +1 leather armour of a sewer {+Blink rPois Int+3 Stlth+}
rNeg     + . .     Faith    .   (no shield)
rPois    +         Spirit   .   m - +0 helmet
rElec    .         Reflect  +   (no cloak)
rCorr    .         Harm     .   s - +0 pair of gloves (curse)
MR       +....     NoTele   +   t - +0 pair of boots
Stlth    +++.......             y - +4 amulet of reflection
Regen    0.2/turn               (no ring)
                                (no ring)

@: very slightly contaminated
A: no striking features
a: Renounce Religion, Evoke Blink


You were in the Dungeon.
You worshipped Vehumet.
Vehumet was extremely pleased with you.
You were very hungry.

You visited 1 branch You collected 1748 gold pieces.
You spent 1343 gold pieces at shops.

Inventory:

Hand Weapons
 x - the cursed +1 short sword of the Eleven Hells (weapon) {pierce, rN+}
   (You bought it in a shop in the Dungeon)

   It inflicts extra damage upon your enemies.
   It protects you from negative energy.
   It has a curse placed upon it.
Armour
 m - a +0 helmet (worn)
 s - a cursed +0 pair of gloves (worn)
 t - a +0 pair of boots (worn)
 u - the +1 leather armour of a sewer (worn) {+Blink rPois Int+3 Stlth+}
   (You bought it in a shop in the Dungeon)

   It affects your intelligence (+3).
   It protects you from poison.
   It lets you blink.
   It makes you more stealthy.
 w - a +0 shield
Jewellery
 y - a +4 amulet of reflection (around neck)
Wands
 k - a wand of disintegration (6/24)
 q - a wand of iceblast (7/15)
Scrolls
 l - a scroll of remove curse
 r - a scroll of torment
Potions
 c - 2 potions of degeneration {unknown}
 f - a potion of haste
 g - a potion of magic
 h - a potion of berserk rage
 j - 3 potions of curing
 p - a potion of brilliance {unknown}
Books
 b - a book of Flames

   Spells                             Type                      Level
   a - Flame Tongue                   Conjuration/Fire             1
   b - Throw Flame                    Conjuration/Fire             2
   c - Conjure Flame                  Conjuration/Fire             3
   d - Inner Flame                    Hexes/Fire                   3
   e - Sticky Flame                   Conjuration/Fire             4
   f - Fireball                       Conjuration/Fire             5


   Skills:
 + Level 7.0 Fighting
 + Level 8.6 Short Blades
 + Level 7.2 Armour
 + Level 10.5 Dodging
 - Level 2.4 Stealth
 * Level 1.4 Shields
 * Level 17.0 Spellcasting
 + Level 10.5 Conjurations
 + Level 11.0 Fire Magic
 + Level 2.7 Earth Magic


You had 18 spell levels left.
You knew the following spells:

 Your Spells              Type           Power        Failure   Level  Hunger
a - Flame Tongue          Conj/Fire      #####        1%          1    None
b - Throw Flame           Conj/Fire      ######       1%          2    None
c - Conjure Flame         Conj/Fire      ######..     1%          3    None
d - Inner Flame           Hex/Fire       ######..     1%          3    None
e - Sticky Flame          Conj/Fire      ######..     1%          4    None
f - Fireball              Conj/Fire      ######....   1%          5    None
g - Stone Arrow           Conj/Erth      ######       1%          3    None
h - Airstrike             Air            ###.......   10%         4    None


Dungeon Overview and Level Annotations

Branches:
Dungeon (1/1)

Altars:
Cheibriados
Dithmenos
Elyvilon
Fedhas
Gozag
Hepliaklqana
Kikubaaqudgha
Makhleb
Nemelex Xobeh
Okawaru
Qazlal
Ru
Sif Muna
Trog
Uskayaw
Vehumet
Xom
Yredelemnul
Zin
The Shining One
Jiyva
Lugonu

Shops:
D *[[}}((:*%[=%([[*


Message History

The fireball engulfs the demonic crawler.
The demonic crawler resists.
The demonic crawler is lightly wounded.
The fireball engulfs the demonic crawler.
The demonic crawler resists.
The demonic crawler is moderately wounded.
Casting: Fireball
Confirm with . or Enter, or press ? or * to list all spells.
Aiming: Fireball
Press: ? - help, Shift-Dir - straight line, f - demonic crawler
Aim: a demonic crawler (moderately wounded, clinging)
The fireball explodes!
The fireball engulfs the demonic crawler.
The demonic crawler resists.
The demonic crawler is moderately wounded.
The fireball engulfs the demonic crawler.
The demonic crawler resists.
The demonic crawler is moderately wounded.
The demonic crawler hits you!
You die...

##########################
#<.#..'..#@ssss#__#..'..)#
#..'..#..'..#..'..'..#...##
#..#####+#####+#__####.).'.
#..####..#...#.####)(#####.
#.)#__####..##.#§≈≈§§#..#
#..#_____##+#..+§§§.§+.§#
#⌠⌠#_.∩...+.(._#§§§).#§.#
####_..__##_(#+##+#####+###
#_____###+#(#((.|###.+§#


You could see 4 demonic crawlers.

Vanquished Creatures
  2 centaur warriors (D)
  Sonja (D)
  A deep troll (D)
  2 unseen horrors (D)
  An oklob plant (D)
  2 kobold demonologists (D)
  A hornet (D)
  A slime creature (D)
  Sigmund (D)
  2 redbacks (D)
  A yak (D)
  2 floating eyes (D)
  7 necrophages (D)
  An ogre (D)
  8 jellies (D)
  Ijyb (D)
  A ballistomycete (D)
35 creatures vanquished.

Vanquished Creatures (others)
  2 ballistomycete spores (D)
2 creatures vanquished.

Grand Total: 37 creatures vanquished

Notes
Turn   | Place    | Note
-------+----------+-------------------------------------------
     0 | D        | Kidiri the Deep Elf Fire Elementalist began the quest for the Orb.
     0 | D        | Reached XP level 1. HP: 10/10 MP: 6/6
     2 | D        | Noticed Ijyb
    13 | D        | Killed Ijyb
    13 | D        | Reached skill level 6 in Spellcasting
    13 | D        | Reached XP level 2. HP: 11/15 MP: 3/11
    19 | D        | Learned a level 2 spell: Throw Flame
    94 | D        | Noticed an ogre
   108 | D        | Killed an ogre
   108 | D        | Reached skill level 9 in Spellcasting
   108 | D        | Reached skill level 5 in Fire Magic
   108 | D        | Reached XP level 3. HP: 19/19 MP: 8/15
   108 | D        | Reached XP level 4. HP: 24/24 MP: 9/17
   113 | D        | Learned a level 3 spell: Conjure Flame
   117 | D        | Learned a level 3 spell: Inner Flame
   122 | D        | Learned a level 4 spell: Sticky Flame
   162 | D        | Noticed Sigmund
   167 | D        | Killed Sigmund
   167 | D        | Reached skill level 10 in Spellcasting
   167 | D        | Reached skill level 5 in Conjurations
   167 | D        | Reached XP level 5. HP: 26/30 MP: 12/20
   167 | D        | Reached XP level 6. HP: 30/35 MP: 12/21
   174 | D        | Learned a level 5 spell: Fireball
   231 | D        | Found a burning altar of Makhleb.
   231 | D        | Found a viscous altar of Jiyva.
   231 | D        | Found a shimmering altar of Xom.
   231 | D        | Found a corrupted altar of Lugonu.
   231 | D        | Noticed a slime creature
   236 | D        | Killed a slime creature
   236 | D        | Reached skill level 5 in Dodging
   236 | D        | Reached skill level 11 in Spellcasting
   347 | D        | Found a deep blue altar of Sif Muna.
   349 | D        | Found a radiant altar of Vehumet.
   374 | D        | Became a worshipper of Vehumet
   393 | D        | Found Tiakar's Armour Emporium.
   393 | D        | Found an ancient bone altar of Kikubaaqudgha.
   393 | D        | Found a hazy altar of Hepliaklqana.
   393 | D        | Found a stormy altar of Qazlal.
   393 | D        | Found a hide-covered altar of Uskayaw.
   393 | D        | Found a blossoming altar of Fedhas.
   393 | D        | Found a bloodstained altar of Trog.
   393 | D        | Found an iron altar of Okawaru.
   393 | D        | Found a basalt altar of Yredelemnul.
   393 | D        | Found a glowing golden altar of the Shining One.
   393 | D        | Found a snail-covered altar of Cheibriados.
   393 | D        | Found a sacrificial altar of Ru.
   393 | D        | Found a glowing silver altar of Zin.
   393 | D        | Found a shadowy altar of Dithmenos.
   393 | D        | Found a white marble altar of Elyvilon.
   393 | D        | Noticed a yak
   399 | D        | Killed a yak
   399 | D        | Reached skill level 12 in Spellcasting
   399 | D        | Reached XP level 7. HP: 27/41 MP: 14/24
   400 | D        | Found an opulent altar of Gozag.
   401 | D        | Found a sparkling altar of Nemelex Xobeh.
   405 | D        | Bought a +0 helmet for 63 gold pieces
   506 | D        | Noticed Sonja
   509 | D        | Killed Sonja
   509 | D        | Reached skill level 5 in Short Blades
   509 | D        | Reached skill level 13 in Spellcasting
   509 | D        | Reached XP level 8. HP: 41/48 MP: 17/27
   605 | D        | Found Laariwey's General Store.
   613 | D        | Bought a scroll of identify for 22 gold pieces
   613 | D        | Bought a potion of curing for 33 gold pieces
   626 | D        | Noticed a deep troll
   634 | D        | Killed a deep troll
   634 | D        | Reached * piety under Vehumet
   634 | D        | Offered knowledge of Sandblast by Vehumet.
   634 | D        | Reached skill level 5 in Armour
   634 | D        | Reached skill level 14 in Spellcasting
   723 | D        | Found Qoklileq's Armour Emporium.
   727 | D        | Bought a cursed +0 pair of gloves for 19 gold pieces
  1166 | D        | Noticed a centaur warrior
  1168 | D        | Noticed a centaur warrior
  1169 | D        | Killed a centaur warrior
  1169 | D        | Reached skill level 5 in Fighting
  1169 | D        | Reached XP level 9. HP: 54/54 MP: 13/29
  1170 | D        | Killed a centaur warrior
  1170 | D        | Reached skill level 15 in Spellcasting
  1310 | D        | Reached skill level 10 in Fire Magic
  1354 | D        | Noticed an oklob plant
  1486 | D        | Killed an oklob plant
  1486 | D        | Offered knowledge of Freeze by Vehumet.
  1486 | D        | Reached ** piety under Vehumet
  1538 | D        | Reached XP level 10. HP: 61/61 MP: 22/31
  1702 | D        | Noticed an unseen horror
  1707 | D        | Killed an unseen horror
  1707 | D        | Offered knowledge of Stone Arrow by Vehumet.
  1707 | D        | Reached skill level 16 in Spellcasting
  1707 | D        | Reached skill level 10 in Conjurations
  1709 | D        | Noticed an unseen horror
  1714 | D        | Killed an unseen horror
  1714 | D        | Reached *** piety under Vehumet
  1714 | D        | Reached skill level 10 in Dodging
  1719 | D        | Learned a level 3 spell: Stone Arrow
  1844 | D        | Offered knowledge of Mephitic Cloud by Vehumet.
  1852 | D        | Reached **** piety under Vehumet
  1862 | D        | Reached skill level 1 in Earth Magic
  1884 | D        | Reached ***** piety under Vehumet
  1907 | D        | Found Hantit's Gadget Shoppe.
  1908 | D        | Found Quydeitu's Antique Armour Shop.
  1908 | D        | Found Aclonog's Gadget Boutique.
  1909 | D        | Found Zamod's Antique Weapon Boutique.
  1909 | D        | Found Issam's Antique Armour Emporium.
  2027 | D        | Offered knowledge of Airstrike by Vehumet.
  2033 | D        | Learned a level 4 spell: Airstrike
  2047 | D        | Found Giruos's General Store.
  2066 | D        | Found Leemish's Weapon Emporium.
  2066 | D        | Found Qaseiwka's Weapon Shop.
  2066 | D        | Found Watri Wiac's Book Shoppe.
  2066 | D        | Found Sosmul's Assorted Antiques.
  2066 | D        | Found Niommoj's Food Emporium.
  2066 | D        | Found Viuv's Antique Armour Shop.
  2066 | D        | Found Alory's Jewellery Shoppe.
  2070 | D        | Found Xoumuun's Food Boutique.
  2076 | D        | Bought a pair of runed gloves for 241 gold pieces
  2076 | D        | Bought a pair of boots for 103 gold pieces
  2076 | D        | Bought an amber-encrusted leather armour for 161 gold pieces
  2076 | D        | Bought a helmet for 103 gold pieces
  2091 | D        | Identified the +1 leather armour of a sewer {+Blink rPois Int+3 Stlth+} (You bought it in a shop in the Dungeon)
  2094 | D        | Bought a shield for 85 gold pieces
  2097 | D        | Bought a bloodstained short sword for 216 gold pieces
  2100 | D        | Bought a +4 amulet of reflection for 297 gold pieces
  2134 | D        | Identified the cursed +1 short sword of the Eleven Hells {pierce, rN+} (You bought it in a shop in the Dungeon)
  2223 | D        | Noticed a rust devil
  2223 | D        | Offered knowledge of Iskenderun's Mystic Blast by Vehumet.
  2223 | D        | Reached skill level 1 in Shields
  2223 | D        | Reached skill level 17 in Spellcasting
  2647 | D        | Slain by a demonic crawler

Vault maps used:
D:        dungeon_sprint_1

Skill      XL: |  1  2  3  4  5  6  7  8  9 10 |
---------------+-------------------------------+-----
Spellcasting   | 6 9 10 12 13 14 15 17 | 17.0
Conjurations   | 3 4 5 6 7 8 9 10 | 10.5
Fire Magic     | 4 5 6 7 8 9 10 11 | 11.0
Fighting       | 2 3 4 5 6 7 |  7.0
Short Blades   | 2 4 5 6 7 8 |  8.6
Armour         | 2 3 4 5 6 7 |  7.2
Dodging        | 4 5 7 8 9 10 | 10.5
Earth Magic    | 2 |  2.7
Shields        | 1 |  1.4
Stealth        | |  2.4

Action                   |  1- 3 |  4- 6 |  7- 9 | 10-12 || total
-------------------------+-------+-------+-------+-------++-------
Melee: Dagger            |     1 |     1 |     6 |    25 ||    33
 Cast: Flame Tongue      |    10 |    12 |    21 |    23 ||    66
       Sticky Flame      |       |     3 |     5 |    13 ||    21
       Conjure Flame     |       |     2 |     4 |     2 ||     8
       Fireball          |       |       |    11 |     5 ||    16
       Throw Flame       |       |       |       |     3 ||     3
       Inner Flame       |       |       |       |     2 ||     2
  Use: Potion            |     2 |       |     1 |     1 ||     4
       Scroll            |       |       |       |     4 ||     4
 Stab: Sleeping          |       |       |       |     1 ||     1
  Eat: Bread ration      |       |       |     1 |       ||     1
Armor: Robe              |     1 |       |     1 |     6 ||     8
       Leather armour    |       |       |       |     2 ||     2
Dodge: Dodged            |     8 |     7 |     5 |    32 ||    52
Block: Other             |       |       |       |     2 ||     2
